 Dungeon Crawl Stone Soup version 0.20-a0-1006-ge6c5631 (webtiles) character file.

8 M4edhros the Gusty (level 2, -4/19 HPs)
             Began as a Formicid Air Elementalist on Apr 13, 2017.
             Shot with an arrow by a centaur (6 damage)
             ... on level 7 of the Dungeon.
             The game lasted 00:01:40 (152 turns).

M4edhros the Gusty (Formicid Air Elementalist)       Turns: 152, Time: 00:01:41

Health: -4/19      AC:  2    Str: 12    XL:     2   Next: 15%
Magic:  5/5        EV: 11    Int: 18    God:
Gold:   13         SH:  9    Dex: 11    Spells: 4/5 levels left

rFire    . . .     SeeInvis +   (no weapon)
rCold    . . .     Gourm    .   f - +6 buckler of the Eternal Void {rN+ Int+4}
rNeg     + . .     Faith    .   a - +0 robe
rPois    .         Spirit   .   (helmet unavailable)
rElec    .         Reflect  .   (no cloak)
rCorr    .         Harm     .   (no gloves)
MR       .....                  (no boots)
Stlth    ++........             (no amulet)
Regen    0.1/turn               (no ring)
MPRegen  0.1/turn               (no ring)

@: no status effects
A: permanent stasis, dig shafts and tunnels, four strong arms, antennae 3
a: Dig, Shaft Self


You were on level 7 of the Dungeon.
You were not hungry.

You visited 1 branch of the dungeon, and saw 5 of its levels.

You collected 13 gold pieces.

Inventory:

Armour
 a - a +0 robe (worn)
 f - the +6 buckler of the Eternal Void (worn) {rN+ Int+4}
   (You found it on level 6 of the Dungeon)

   It affects your intelligence (+4).
   It protects you from negative energy.
Scrolls
 d - a scroll of teleportation {unknown}
 e - a scroll of identify {unknown}
Books
 b - a book of Air

   Spells                             Type                      Level
   a - Shock                          Conjuration/Air              1
   b - Swiftness                      Charms/Air                   2
   c - Static Discharge               Conjuration/Air              3
   d - Airstrike                      Air                          4
   e - Lightning Bolt                 Conjuration/Air              5
Comestibles
 c - a bread ration


   Skills:
 - Level 1.7 Dodging
 - Level 2.4 Stealth
 + Level 0.0 Shields
 - Level 2.1 Spellcasting
 - Level 0.8 Conjurations
 + Level 2.9 Air Magic


You had 4 spell levels left.
You knew the following spells:

 Your Spells              Type           Power        Failure   Level  Hunger
a - Shock                 Conj/Air       #...         17%         1    #......


Dungeon Overview and Level Annotations

Branches:
Dungeon (7/15)
 Temple: D:4-7

Altars:


Innate Abilities, Weirdness & Mutations

You cannot be hasted, slowed, berserked, paralysed or teleported.
You can dig through walls and to a lower floor.
Your four strong arms can wield two-handed weapons with a shield.
You have a pair of large antennae on your head. (SInv)


Message History

The iguana hisses menacingly.
You see here 21 stones.
A centaur comes into view.
The centaur shouts!
The centaur wields a shortbow.
The centaur shoots an arrow.
The arrow misses you.
You see here an arrow.
The centaur shoots an arrow.
You block the arrow.
You see here an arrow.
The centaur shoots an arrow.
The arrow hits you!
Ouch! That really hurt!
* * * LOW HITPOINT WARNING * * *
You see here an arrow.
You block the iguana's attack.
You aren't carrying any potions.
The centaur shoots an arrow.
The arrow barely misses you.
You see here an arrow.
The centaur shoots an arrow.
You block the arrow.
The centaur shoots an arrow.
The arrow hits you.
You die...

#.##.# #(# .#
##(##.#..
####(........
#..(.#.......
#.##......... #
#l........... #
#####..#c.#...### .
#...@.........# ##
#.####..........####.
....##......... ....#
......... ......
#....h ###....
....... #### ##...h.
....... #.[....


You could see a centaur and an iguana.

Vanquished Creatures
  An ooze (D:6)
  An orc (D:6)
  A quokka (D:6)
3 creatures vanquished.

Notes
Turn   | Place    | Note
-------+----------+-------------------------------------------
     0 | D:1      | M4edhros the Formicid Air Elementalist began the quest for the Orb.
     0 | D:1      | Reached XP level 1. HP: 13/13 MP: 3/3
     3 | D:1      | You fall through a shaft!
     9 | D:2      | You fall through a shaft!
    13 | D:3      | You fall through a shaft for 3 floors!
    13 | D:6      | Noticed an orc priest
    24 | D:7      | Noticed a howler monkey
    24 | D:7      | Noticed a howler monkey
    24 | D:7      | Noticed a howler monkey
    24 | D:7      | Noticed a gnoll sergeant
    54 | D:6      | Reached XP level 2. HP: 10/19 MP: 0/5
    93 | D:6      | Noticed a bullfrog
   112 | D:6      | Got a fine buckler
   118 | D:6      | Identified the +6 buckler of the Eternal Void {rN+ Int+4} (You found it on level 6 of the Dungeon)
   144 | D:7      | Noticed a centaur
   152 | D:7      | Shot with an arrow by a centaur

Vault maps used:
D:1:      onia_arrival_mini_maze, roderic_bali_sauvastika, columned_hall_lemuel,
          supply_closet_lemuel, minmay_tetromino_o2
D:2:      grunt_temple_overflow_magic_moments, makhleb_blood_cavern_becter,
          serial_bayou_pond_e, minmay_lizard_king
D:3:      lemuel_round_altar
D:6:      marbit_many_paths, uniq_duvessa
D:7:      uniq_joseph

Action                   || total
-------------------------++-------
Melee: Unarmed           ||     8
 Cast: Shock             ||     4
 Abil: Shaft Self        ||     3
Armor: Robe              ||     1
Dodge: Dodged            ||    12
Block: Buckler           ||     4
